 Dungeon Crawl Stone Soup version 0.28.0-45-g0d030f2227 (webtiles) character file.

Game seed: 1554245220277589368

82 bobregger the Cudgeller (level 4, 0/48 HPs)
             Began as an Ogre Berserker on Apr 22, 2022.
             Was a Believer of Trog.
             Slain by a worm (2 damage)
             ... on level 2 of the Dungeon.
             The game lasted 00:01:54 (1524 turns).

bobregger the Cudgeller (Ogre Berserker)            Turns: 1524, Time: 00:01:55

Health: 0/48       AC:  3    Str: 23    XL:     4   Next: 43%
Magic:  4/4        EV: 10    Int:  8    God:    Trog [**....]
Gold:   26         SH:  0    Dex:  8    Spells: 3/3 levels left

rFire   . . .      SeeInvis .   c - +0 flail
rCold   . . .      Faith    .   (no shield)
rNeg    . . .      Spirit   .   b - +0 animal skin
rPois   .          Reflect  .   (helmet restricted)
rElec   .          Harm     .   (no cloak)
rCorr   .          Rampage  .   (gloves unavailable)
Will    ++...                   (boots unavailable)
Stlth   +.........              (no amulet)
HPRegen 1.16/turn               (no ring)
MPRegen 0.09/turn               (no ring)

@: strong-willed, on berserk cooldown, regenerating, slowed, very slow
A: large, unfitting armour, tough skin 1
a: Renounce Religion, Berserk, Trog's Hand


You were on level 2 of the Dungeon.
You worshipped Trog.
Trog was pleased with you.
You visited 1 branch of the dungeon, and saw 2 of its levels.

You collected 26 gold pieces.

Inventory:

Hand Weapons
 c - a +0 flail (weapon)
Armour
 b - a +0 animal skin (worn)
Scrolls
 e - 2 scrolls of identify {unknown}
Potions
 a - a potion of might {unknown}
 d - a potion of curing {unknown}
 f - a potion of mutation {unknown}


   Skills:
 - Level 4.0 Fighting
 + Level 4.6 Maces & Flails
 - Level 2.6 Dodging


You had 3 spell levels left.
You didn't know any spells.
Your spell library was empty.

Dungeon Overview and Level Annotations

Branches:
Dungeon (2/15)

Altars:


Innate Abilities, Weirdness & Mutations

You are too large for most types of armour.
You have tough skin. (AC +1)


Message History

You barely miss the gnoll.
An endoplasm comes into view.
The gnoll barely misses you.
You sock the gnoll!
You kill the gnoll!
Trog accepts your kill.
The gnoll hits you from afar with a +0 spear!
The worm bites you! The gnoll closely misses you.
You see here a +0 flail.
You bludgeon the gnoll!!
You kill the gnoll!
Trog accepts your kill.
Things that are here:
a +0 spear; a gnoll corpse You feel a strong urge to attack something.
You are no longer berserk.
You are exhausted.
You feel yourself slow down. The worm bites you.
Things that are here:
a +0 spear; a gnoll corpse You sock the worm!
The worm is heavily wounded.
The worm bites you!
* * * LOW HITPOINT WARNING * * *
You barely miss the worm.
The worm is heavily wounded.
The endoplasm barely misses you. The worm bites you!
* * * LOW HITPOINT WARNING * * *
The endoplasm freezes you.
You are frozen.
* * * LOW HITPOINT WARNING * * *
Unknown command.
Your skin crawls.
You feel strong-willed. The endoplasm freezes you.
You are frozen.
* * * LOW HITPOINT WARNING * * *
The worm bites you.
You die...

##.#. #............ .#
##.#.# ##........... ..#
##.#.##
.......#.#..##..###.#.##.
............... ##)#.##.#
.............. ##.#.##.#.
.........#..# ##.#.##.#.#
#.....#.#..###.#.##.#..#
#......@w....##.#.##†#..
........J).....##.#.##.#)
#.....##......#.##.#.##..
#..... #....##.#.##.#.##.
#.... #.#..###.#.##.#.##
..... #.#..# ##.#.##.#.#
#... #...>. ##.#.##.#.
#... ....... ##.#.##.#
........ ##.#.##.


You could see a worm and an endoplasm.

Vanquished Creatures
  4 gnolls
  A worm (D:2)
  2 dart slugs
  2 bats
  3 endoplasms
  2 giant cockroaches (D:1)
  3 goblins
  3 hobgoblins
  5 kobolds
  6 ball pythons
  6 rats
37 creatures vanquished.

Notes
Turn   | Place    | Note
-------+----------+-------------------------------------------
     0 | D:1      | bobregger the Ogre Berserker began the quest for the Orb.
     0 | D:1      | Reached XP level 1. HP: 24/24 MP: 1/1
   119 | D:1      | Reached XP level 2. HP: 32/32 MP: 2/2
   631 | D:1      | Found a faded altar of an unknown god.
   645 | D:1      | Reached XP level 3. HP: 36/39 MP: 3/3
  1259 | D:2      | Reached ** piety under Trog
  1514 | D:2      | Reached XP level 4. HP: 48/48 MP: 4/4
  1524 | D:2      | HP: 2/48 [frozen (5)]
  1524 | D:2      | Slain by a worm

Illustrated notes

Levels and vault maps discovered:
D:1:      saegor_arrival_simple_c, layout_basic,
          hellmonk_ecumenical_altar_zigzags
D:2:      minmay_inner_zag, layout_basic, lemuel_old_faithful

Skill      XL: |  1  2  3 |
---------------+----------+-----
Maces & Flails | 3 4 |  4.6
Fighting       | |  4.0
Dodging        | |  2.6

Action                   |  1- 3 |  4- 6 || total
-------------------------+-------+-------++-------
Melee: Mace              |    11 |       ||    11
       Flail             |    85 |     6 ||    91
Invok: Berserk           |     1 |       ||     1
       Trog's Hand       |       |     1 ||     1
 Stab: Sleeping          |     1 |       ||     1
Armor: Animal skin       |    37 |       ||    37
Dodge: Dodged            |    65 |     4 ||    69
